 Dungeon Crawl Stone Soup version 0.26-a0-651-gb41185065b (webtiles) character file.

Game seed: 18036462172043824510

23440 Irenicus the Ripper (level 12, -1/48 HPs)
             Began as a Felid Berserker on Oct 28, 2020.
             Was a High Priest of Trog.
             Succumbed to a redback's poison
             ... on level 3 of the Lair of Beasts.
             The game lasted 00:53:39 (13833 turns).

Irenicus the Ripper (Felid Berserker)              Turns: 13833, Time: 00:53:40

Health: -1/48      AC:  3    Str: 13    XL:     12   Next: 71%
Magic:  0/13       EV: 32    Int: 10    God:    Trog [*****.]
Gold:   889        SH:  0    Dex: 25    Spells: 11/11 levels left
                                        Lives:  0   Deaths: 3

rFire    . . .     SeeInvis +     - Unarmed
rCold    + + .     Faith    .   (shield unavailable)
rNeg     . . .     Spirit   +   (armour unavailable)
rPois    .         Reflect  .   (helmet unavailable)
rElec    .         Harm     .   (cloak unavailable)
rCorr    .         Rampage  .   (gloves unavailable)
MR       +....                  (boots unavailable)
Stlth    ++++++....             B - amulet of guardian spirit {Spirit}
HPRegen  0.16/turn              r - +6 ring of dexterity
MPRegen  0.13/turn              O - ring of protection from cold {rC+, !d}

@: lethally poisoned (-1 -> -42), quick
A: very small, no armour, no weapons or thrown items, stealth, claws 1, fangs 3,
see invisible, speed 1, shaggy fur 3, sharp paws
a: Berserk, Trog's Hand, Brothers in Arms, Renounce Religion


You were on level 3 of the Lair of Beasts.
You worshipped Trog.
Trog was extremely pleased with you.
You visited 3 branches of the dungeon, and saw 17 of its levels.
You also visited: Gauntlet.

You collected 1594 gold pieces.
You spent 705 gold pieces at shops.

Inventory:

Missiles
 H - 8 curare-tipped darts
Jewellery
 r - a +6 ring of dexterity (left paw)
   (You found it on level 5 of the Dungeon)
 t - the ring of Elaotoor {*Tele +Blink rPois Int-5, unknown}
   (You found it on level 2 of the Lair of Beasts)

   [ring of teleportation]

   It may teleport you next to monsters.
   It affects your intelligence (-5).
   It protects you from poison.
   It lets you blink.
 B - an amulet of guardian spirit (around neck) {Spirit}
   (You bought it in a shop on level 2 of the Orcish Mines)
 G - an uncursed ring of wizardry {Wiz+, !d}
   (You found it on level 9 of the Dungeon)
 I - an uncursed amulet of regeneration {+regen, !d}
   (You took it off an orc warrior on level 10 of the Dungeon)
 M - the ring "Pyathrunu" {+Fly rElec rF- Str+5 Stlth-}
   (You found it in a Gauntlet)

   [ring of flight]

   It affects your strength (+5).
   It makes you vulnerable to fire.
   It insulates you from electricity.
   It lets you fly.
   It makes you less stealthy.
 O - a ring of protection from cold (right paw) {rC+, !d}
   (You took it off a minotaur in a Gauntlet)
Wands
 l - a wand of flame (14)
   (You took it off Natasha on level 2 of the Dungeon)
 o - a wand of polymorph (24)
   (You found it on level 4 of the Dungeon)
 A - a wand of enslavement (6)
   (You bought it in a shop on level 2 of the Orcish Mines)
 C - a wand of paralysis (3)
   (You found it on level 9 of the Dungeon)
 P - a wand of acid (21)
   (You found it in a Gauntlet)
Scrolls
 b - 5 scrolls of fog {unknown}
 d - 5 scrolls of teleportation
 e - 3 scrolls of enchant weapon {unknown}
 f - 8 scrolls of identify
 h - 3 scrolls of random uselessness {unknown}
 i - 3 scrolls of fear {unknown}
 m - 3 scrolls of immolation {unknown}
 n - 8 scrolls of remove curse
 q - 3 scrolls of magic mapping {!r}
 s - 2 scrolls of amnesia {unknown}
 v - 2 scrolls of acquirement {unknown}
 x - 3 scrolls of blinking {unknown}
 y - a scroll of noise {unknown}
 D - a scroll of silence {unknown}
 E - a scroll of torment {unknown}
 J - a scroll of holy word {unknown}
 K - a scroll of enchant armour {unknown}
Potions
 a - 5 potions of haste
 c - 3 potions of curing
 g - 3 potions of heal wounds
 j - 3 potions of flight
 k - 2 potions of ambrosia
 p - 2 potions of stabbing
 u - 5 potions of lignification {!q}
 w - 3 potions of cancellation
 L - 3 potions of might
 N - 2 potions of brilliance
Miscellaneous
 F - a tin of tremorstones (2/3)
   (You found it on level 9 of the Dungeon)


   Skills:
 - Level 3.0 Fighting
 - Level 12.7 Dodging
 - Level 13.1 Stealth
 + Level 15.9 Unarmed Combat
 * Level 9.8 Evocations


You had 11 spell levels left.
You didn't know any spells.
Your spell library was empty.

Dungeon Overview and Level Annotations

Branches:
Dungeon (12/15)            Temple (0/1) D:5            Lair (3/6) D:11
 Shoals (0/4) Lair:2       Spider (0/4) Lair:3          Orc (2/2) D:9
    Elf (0/3) Orc:2       Gauntlet (visited)

Altars:
Dithmenos
Elyvilon
Trog
Beogh

Shops:
D:12 (   Orc:2 *([=

Annotations:
D:11 2 transporters, Zaulaxt's ghost, journeyman MiFi
Lair:2 2 transporters, Ulumiabe's ghost, journeyman OpBe
Orc:1 Josephine


Innate Abilities, Weirdness & Mutations

You cannot wear armour.
You are incapable of wielding weapons or throwing items.
Your paws allow you to move quietly. (Stealth)
You have sharp claws.
You have razor-sharp teeth.
You have supernaturally acute eyesight. (SInv)
You cover ground quickly.
Your thick and shaggy fur keeps you warm. (AC +3, rC+)
Your sharp claws are effective at attacking unaware monsters.


Message History

The porcupine closely misses you.
You mangle the porcupine!!
You kill the porcupine!
Trog accepts your kill.
You see here a porcupine corpse.
You now have 854 gold pieces (gained 10).
n - 8 scrolls of remove curse (gained 1)
A porcupine comes into view.
A porcupine is nearby!
The porcupine misses you.
You claw the porcupine!
The porcupine is severely wounded.
You claw the porcupine!
You kill the porcupine!
Trog accepts your kill.
You see here a porcupine corpse.
l - a wand of flame (14) (gained 8 charges)
Found a stone staircase leading down.
A water moccasin comes into view.
A water moccasin is nearby!
You pounce on the unaware helpless water moccasin!
You eviscerate the water moccasin!!!!!
You kill the water moccasin!
Trog accepts your kill.
You see here a water moccasin corpse.
You now have 868 gold pieces (gained 14).
A porcupine comes into view.
You see here 2 potions of curing.
c - 3 potions of curing (gained 2)
A porcupine comes into view.
The porcupine barely misses you.
You barely miss the porcupine. Your claw misses the porcupine.
The porcupine barely misses you.
You are struck by the porcupine's spines.
You closely miss the porcupine. Your bite misses the porcupine.
The porcupine closely misses you.
You take 7 damage, and have 41/48 hp.
You now have 12/13 mp.
You claw the porcupine! Your claw misses the porcupine.
The porcupine is severely wounded.
The porcupine completely misses you.
You claw the porcupine!
You kill the porcupine!
Trog accepts your kill.
Search for what [Enter for "shop", or ? for help]? book You see here a book of Party Tricks.
MP restored: 13 The porcupine completely misses you.
You are struck by the porcupine's spines.
You scratch the porcupine. You claw the porcupine!
The porcupine is heavily wounded.
The porcupine bites you.
You take 7 damage, and have 35/48 hp.
You now have 11/13 mp.
You scratch the porcupine. You bite the porcupine.
You kill the porcupine!
Trog accepts your kill.
You see here a porcupine corpse.
You now have 889 gold pieces (gained 21).
A komodo dragon comes into view.
A komodo dragon is nearby!
You pounce on the unaware helpless komodo dragon!
You eviscerate the komodo dragon!!!!
You kill the komodo dragon!
Trog accepts your kill.
You stumble into a teleport trap!
You are suddenly yanked towards some nearby monsters!
Your surroundings suddenly seem different.
Found a hole to the Spider Nest. 2 jumping spiders and a redback come into view.
MP restored: 13
Okay, then.
A wolf spider comes into view.
The wolf spider hisses angrily.
The jumping spider hisses angrily. x2
The redback barely misses you. The jumping spider misses you. x2
You claw the jumping spider!
The jumping spider is moderately wounded.
The redback misses you. The jumping spider misses you.
The jumping spider bites you.
The jumping spider pounces on you but does no damage.
The jumping spider completely misses you.
The redback completely misses you.
You take 1 damage, and have 37/48 hp.
The jumping spider leaps!
The jumping spider leaps!
The jumping spider completely misses you.
The jumping spider bites you! The wolf spider hits you.
The wolf spider closely misses you. The jumping spider misses you.
The jumping spider completely misses you.
You take 5 damage, and have 32/48 hp.
You now have 10/13 mp.
Unknown command.
Your stone giant goes berserk!
The redback misses you.
The jumping spider leaps!
The jumping spider completely misses you. x2
The wolf spider hits you!!
* * * LOW HITPOINT WARNING * * *
The wolf spider misses you. The redback bites you!
* * * LOW HITPOINT WARNING * * *
You are lethally poisoned!
The redback poisons you!
You take 30 damage, and have 2/48 hp.
MASSIVE DAMAGE!!
You now have 0/13 mp.
You die...

##....###....#
###....##..###
#.#†...#P..P#.
#.#.........s.
....###.......
..:##
.(..°..## ...#
...##.^.##
.###
..##^.^### .#
...#.C^@.#
...# ##s...##
#.... #^ss^.##
##... ##^....#
###.. ##..>.#
.#... ##...#
.... ###.#
.#.. ## ....


You could see a wolf spider, 2 jumping spiders, a redback and a friendly stone
giant (summoned, berserk).

Vanquished Creatures
  An orc warlord (Orc:2)
  Snorg (D:11)
  Harold (D:8)
  Urug (Orc:2)
  An orc high priest (Orc:2)
  Sonja (D:10)
  An unseen horror (D:11)
  4 orc knights
  Pikel (D:4)
  An ugly thing (D:11)
  2 cyclopes
  4 orc sorcerers (Orc:2)
  2 oklob plants (D:11)
  Joseph (D:8)
  A black mamba (Lair:1)
  A cane toad (Lair:2)
  3 komodo dragons
  A troll (D:12)
  Prince Ribbit (D:5)
  5 slime creatures (D:12)
  10 blink frogs
  A snapping turtle (Lair:2)
  3 hippogriffs
  2 wraiths
  2 shadows (Gauntlet)
  A ynoxinul (Gauntlet)
  12 yaks
  3 wyverns
  3 basilisks
  2 wargs (Orc:2)
  Menkaure (D:5)
  2 soldier ants
  6 water moccasins
  5 porcupines
  31 orc warriors
  5 phantoms
  3 sky beasts
  4 ice beasts
  An eye of draining (D:11)
  10 ogres
  2 necrophages
  2 crocodiles
  4 centaurs
  2 big kobolds
  12 bullfrogs
  Blork the orc (Orc:2)
  A wyvern zombie (D:12)
  4 jellies
  6 scorpions (D:5)
  4 killer bees (D:7)
  An electric eel (Lair:2)
  3 wights (D:11)
  A howler monkey (D:6)
  2 bullfrog zombies
  3 centaur zombies
  3 quasits
  6 hounds
  4 iron imps (Gauntlet)
  24 orc wizards
  Crazy Yiuf (D:4)
  2 bullfrog skeletons
  18 orc priests
  Natasha (thrice) (D:2)
  3 iguanas
  13 worker ants
  3 hound skeletons
  A howler monkey zombie (D:6)
  A howler monkey skeleton (D:4)
  19 adders
  8 gnolls
  2 shadow imps
  2 white imps
  2 oozes
  5 adder skeletons
  4 worms
  3 dart slugs
  6 leopard geckos
  89 orcs
  2 giant cockroaches (D:2)
  3 goblins
  5 hobgoblins
  8 jackals
  4 quokkas
  A ball python (D:3)
  10 bats
  8 frilled lizards
  7 kobolds
  A quokka skeleton (D:8)
  11 rats
471 creatures vanquished.

Vanquished Creatures (collateral kills)
  A minotaur (Gauntlet)
  A two-headed ogre (D:9)
  A cyclops (D:9)
  An ugly thing (D:11)
  A gargoyle (D:9)
  2 hornets
  A centaur (D:11)
  2 bullfrogs
  4 wights (D:10)
  A centaur zombie (D:9)
  An orc wizard (D:7)
  2 orcs (D:7)
18 creatures vanquished.

Vanquished Creatures (others)
  An orc (Orc:2)
  32 fungi
  20 plants
53 creatures vanquished.

Grand Total: 542 creatures vanquished

Notes
Turn   | Place    | Note
-------+----------+-------------------------------------------
     0 | D:1      | Irenicus the Felid Berserker began the quest for the Orb.
     0 | D:1      | Reached XP level 1. HP: 10/10 MP: 2/2
    97 | D:1      | Reached XP level 2. HP: 14/14 MP: 3/3
   103 | D:1      | HP: 2/14 [dart slug/slug dart (7)]
   136 | D:1      | HP: 3/14 [rat (1)]
   137 | D:1      | HP: 1/14 [rat (2)]
   505 | D:1      | Reached skill level 4 in Unarmed Combat
   528 | D:1      | Reached ** piety under Trog
   541 | D:1      | Reached XP level 3. HP: 13/17 MP: 4/4
   757 | D:2      | Reached XP level 4. HP: 21/21 MP: 5/5
   761 | D:2      | Reached skill level 5 in Unarmed Combat
   863 | D:2      | Found a white marble altar of Elyvilon.
   895 | D:2      | Noticed Natasha
   902 | D:2      | Killed Natasha
   974 | D:2      | Reached XP level 5. HP: 20/24 MP: 6/6
  1071 | D:2      | Noticed Natasha
  1075 | D:2      | Killed Natasha
  1075 | D:2      | Reached skill level 6 in Unarmed Combat
  1205 | D:2      | Noticed Natasha
  1211 | D:2      | HP: 4/24 [Natasha/magic dart (11)]
  1212 | D:2      | Killed Natasha
  1572 | D:3      | Reached *** piety under Trog
  1614 | D:3      | Reached skill level 1 in Stealth
  1850 | D:3      | Found a faded altar of an unknown god.
  2235 | D:4      | Reached skill level 2 in Stealth
  2235 | D:4      | Gained mutation: You are covered in thick fur. (AC +2)
                  | [Felid growth]
  2235 | D:4      | Reached XP level 6. HP: 28/28 MP: 7/7
  2296 | D:4      | HP: 10/42 [phantom (1)]
  2302 | D:4      | Reached skill level 3 in Stealth
  2305 | D:4      | Slain by a phantom
  2306 | D:4      | Reached XP level 5. HP: -2/36 MP: 6/6
  2504 | D:4      | Noticed a lemure
  2505 | D:4      | Noticed Pikel
  2505 | D:4      | Noticed a lemure
  2505 | D:4      | Noticed a lemure
  2526 | D:4      | Noticed a lemure
  2538 | D:4      | Killed Pikel
  2538 | D:4      | Reached skill level 6 in Stealth
  2538 | D:4      | Reached skill level 7 in Unarmed Combat
  2538 | D:4      | Reached XP level 6. HP: 25/28 MP: 7/7
  2538 | D:4      | Reached XP level 7. HP: 28/31 MP: 8/8
  2585 | D:4      | Found a runed translucent door.
  2586 | D:4      | Noticed Crazy Yiuf
  2599 | D:4      | Killed Crazy Yiuf
  2668 | D:4      | Reached skill level 8 in Unarmed Combat
  2726 | D:4      | Found Vocseza's Serpentskin Sales.
  2728 | D:4      | Reached skill level 7 in Stealth
  2897 | D:5      | Entered Level 5 of the Dungeon
  2930 | D:5      | Reached skill level 8 in Stealth
  2930 | D:5      | Reached XP level 8. HP: 34/34 MP: 9/9
  3057 | D:5      | Found a shadowy altar of Dithmenos.
  3140 | D:5      | Noticed Menkaure
  3147 | D:5      | HP: 7/34 [??? (5)]
  3176 | D:5      | Killed Menkaure
  3176 | D:5      | Reached skill level 9 in Stealth
  3176 | D:5      | Reached skill level 9 in Unarmed Combat
  3210 | D:5      | Found a staircase to the Ecumenical Temple.
  3224 | D:5      | Noticed Prince Ribbit
  3251 | D:5      | Killed Prince Ribbit
  3446 | D:5      | Reached **** piety under Trog
  3523 | D:5      | Reached skill level 10 in Stealth
  3578 | D:5      | Found the +7 Singing Sword {vorpal, sonic wave}
  3589 | D:5      | Singing sword :/ felid :'(
  3679 | D:6      | Reached skill level 5 in Dodging
  3763 | D:6      | Reached XP level 9. HP: 25/37 MP: 10/10
  3940 | D:6      | Reached skill level 10 in Unarmed Combat
  4105 | D:6      | Reached skill level 6 in Dodging
  4422 | D:7      | Reached skill level 7 in Dodging
  4559 | D:7      | Reached skill level 8 in Dodging
  4616 | D:7      | Paralysed by a hornet for 1 turns
  4620 | D:7      | HP: 4/37 [hornet (16)]
  4621 | D:7      | Reached skill level 1 in Evocations
  4630 | D:7      | Reached skill level 11 in Unarmed Combat
  4636 | D:7      | Reached skill level 2 in Evocations
  4929 | D:7      | HP: 13/55 [poisoned by a killer bee]
  5103 | D:8      | Noticed Joseph
  5109 | D:8      | Killed Joseph
  5109 | D:8      | Reached skill level 3 in Evocations
  5109 | D:8      | Reached XP level 10. HP: 41/42 MP: 11/11
  5177 | D:8      | Reached skill level 4 in Evocations
  5311 | D:8      | Noticed Harold
  5319 | D:8      | Killed Harold
  5319 | D:8      | Reached skill level 5 in Evocations
  5576 | D:8      | Reached ***** piety under Trog
  5599 | D:8      | Reached skill level 12 in Unarmed Combat
  5607 | D:8      | Reached skill level 6 in Evocations
  6223 | D:9      | Found a roughly hewn altar of Beogh.
  6225 | D:9      | Found a staircase to the Orcish Mines.
  6282 | D:9      | Reached skill level 9 in Dodging
  6514 | D:9      | Noticed a cyclops
  6520 | D:9      | Noticed a gargoyle
  6523 | D:9      | Killed a cyclops
  6526 | D:9      | Killed a gargoyle
  6534 | D:9      | Noticed a two-headed ogre
  6538 | D:9      | Killed a two-headed ogre
  6650 | D:9      | Reached XP level 11. HP: 45/45 MP: 12/12
  6835 | D:9      | Reached skill level 10 in Dodging
  6961 | D:9      | Found a bloodstained altar of Trog.
  7002 | D:10     | Entered Level 10 of the Dungeon
  7070 | D:10     | Paralysed by a hornet for 3 turns
  7072 | D:10     | HP: 8/45 [hornet (12)]
  7074 | D:10     | Mangled by a hornet
  7075 | D:10     | Reached XP level 10. HP: -6/42 MP: 11/11
  7075 | D:10     | Noticed Sonja
  7078 | D:10     | Killed Sonja
  7078 | D:10     | Reached skill level 13 in Unarmed Combat
  7531 | D:10     | Reached skill level 11 in Dodging
  7855 | D:11     | Noticed an unseen horror
  7878 | D:11     | Killed an unseen horror
  7878 | D:11     | Reached XP level 11. HP: 37/45 MP: 12/12
  7921 | D:11     | Found a bloodstained altar of Trog.
  7926 | D:11     | Noticed a two-headed ogre
  7930 | D:11     | Noticed Zaulaxt's ghost (journeyman MiFi)
  7945 | D:11     | Found a transporter.
  7960 | D:11     | Found a staircase to the Lair.
  7960 | D:11     | Noticed an oklob plant
  7965 | D:11     | Noticed an oklob plant
  8007 | D:11     | Noticed a two-headed ogre
  8024 | D:11     | Identified the +10 war axe of the Protecting Stork {vamp,
                  | rF- Str+4 Int+6 Dex+4}
  8024 | D:11     | Noticed a tengu warrior
  8047 | D:11     | Found a transporter.
  8049 | D:11     | HP: 11/45 [oklob plant/splash of acid (11)]
  8049 | D:11     | HP: 1/45 [acid (10)]
  8056 | D:11     | Reached skill level 12 in Dodging
  8084 | D:11     | Noticed a green ugly thing
  8104 | D:11     | Killed a green ugly thing
  8113 | D:11     | Noticed a green ugly thing
  8118 | D:11     | Killed a green ugly thing
  8186 | D:11     | Noticed Snorg
  8193 | D:11     | Killed Snorg
  8259 | D:11     | Reached skill level 14 in Unarmed Combat
  8517 | D:12     | Found a gate leading to a gauntlet.
  8555 | Gauntlet | Entered a Gauntlet
  8555 | Gauntlet | Found a transporter.
  8555 | Gauntlet | Found a transporter.
  8555 | Gauntlet | Found a transporter.
  8555 | Gauntlet | Noticed a death ooze
  8556 | Gauntlet | Found a transporter.
  8559 | Gauntlet | Found a transporter.
  8563 | Gauntlet | Noticed a red ugly thing
  8565 | Gauntlet | Noticed a white ugly thing
  8570 | Gauntlet | Found a transporter.
  8570 | Gauntlet | Noticed a great orb of eyes
  8573 | Gauntlet | Found a transporter.
  8604 | Gauntlet | Found a transporter.
  8610 | Gauntlet | Found a transporter.
  8612 | Gauntlet | Found a transporter.
  8661 | Gauntlet | Found a transporter.
  8686 | Gauntlet | Found a transporter.
  8800 | Gauntlet | Got a shimmering marble ring
  8801 | Gauntlet | Identified the ring "Pyathrunu" {+Fly rElec rF- Str+5
                  | Stlth-} (You found it in a Gauntlet)
  8891 | Gauntlet | HP: 5/67 [yak (16)]
  8893 | Gauntlet | Slain by a torpor snail
  8894 | Gauntlet | Reached XP level 10. HP: 0/63 MP: 11/11
  8897 | Gauntlet | Noticed a minotaur
  8909 | Gauntlet | Killed a minotaur
  9098 | D:12     | Found Kofoxaw's Weapon Shoppe.
  9142 | D:12     | Reached skill level 11 in Stealth
  9329 | D:12     | Reached XP level 11. HP: 45/45 MP: 12/12
  9502 | Orc:1    | Entered Level 1 of the Orcish Mines
  9672 | Orc:2    | Entered Level 2 of the Orcish Mines
  9815 | Orc:1    | Noticed Josephine
  9910 | Orc:2    | Noticed an orc knight
  9927 | Orc:2    | Killed an orc knight
  9984 | Orc:2    | Reached skill level 12 in Stealth
 10034 | Orc:2    | Found a staircase to the Elven Halls.
 10045 | Orc:2    | Noticed an orc sorcerer
 10050 | Orc:2    | Noticed an orc sorcerer
 10050 | Orc:2    | Noticed an orc knight
 10064 | Orc:2    | Killed an orc sorcerer
 10066 | Orc:2    | Killed an orc sorcerer
 10067 | Orc:2    | Killed an orc knight
 10090 | Orc:2    | Noticed an orc warlord
 10090 | Orc:2    | Noticed an orc sorcerer
 10124 | Orc:2    | Reached skill level 15 in Unarmed Combat
 10186 | Orc:2    | Noticed Urug
 10186 | Orc:2    | Noticed an orc high priest
 10197 | Orc:2    | Killed Urug
 10253 | Orc:2    | Noticed Blork the orc
 10253 | Orc:2    | Noticed an orc sorcerer
 10259 | Orc:2    | Killed an orc sorcerer
 10259 | Orc:2    | Reached skill level 13 in Stealth
 10259 | Orc:2    | HP: 9/45 [Blork the orc/magic dart (10)]
 10259 | Orc:2    | HP: 1/45 [orc priest/divine providence (8)]
 10263 | Orc:2    | Killed Blork the orc
 10579 | Orc:2    | Killed an orc sorcerer
 10622 | Orc:2    | Killed an orc warlord
 10622 | Orc:2    | Reached skill level 7 in Evocations
 10623 | Orc:2    | Noticed a sixfirhy
 10634 | Orc:2    | HP: 10/45 [sixfirhy[an orc high priest] (11)]
 10737 | Orc:2    | Found a roughly hewn altar of Beogh.
 10829 | Orc:2    | Killed an orc high priest
 10829 | Orc:2    | Gained mutation: Your thick and shaggy fur keeps you warm.
                  | (AC +3, rC+) [Felid growth]
 10829 | Orc:2    | Reached XP level 12. HP: 48/48 MP: 13/13
 10908 | Orc:2    | Found Mixes's Antique Armour Shoppe.
 11025 | Orc:2    | Found Qerok's Antique Weapon Shoppe.
 11218 | Orc:2    | Found Xonoprob's General Store.
 11222 | Orc:2    | Reached ****** piety under Trog
 11231 | Orc:2    | Bought a wand of enslavement (6) for 136 gold pieces
 11231 | Orc:2    | Bought a scroll of magic mapping for 59 gold pieces
 11255 | Orc:2    | Found Wef Oto's Jewellery Shoppe.
 11263 | Orc:2    | Bought an uncursed amulet of guardian spirit for 510 gold
                  | pieces
 11799 | D:11     | Reached skill level 8 in Evocations
 12054 | Lair:1   | Entered Level 1 of the Lair of Beasts
 12825 | Lair:2   | Found a transporter.
 12825 | Lair:2   | Noticed Ulumiabe's ghost (journeyman OpBe)
 12848 | Lair:2   | Reached skill level 9 in Evocations
 13161 | Lair:2   | Found a staircase to the Shoals.
 13200 | Lair:2   | Got a vibrating golden ring
 13265 | Lair:2   | Found a transporter.
 13823 | Lair:3   | Found a hole to the Spider Nest.
 13832 | Lair:3   | HP: 2/48 [redback (12)]
 13833 | Lair:3   | Succumbed to a redback's poison

Illustrated notes

.#####.####.########..# ###......
.............#####.######......#.
.............##..#.## #..####.##
.............###...^# #.## #.##
..#..........######.####.# #.##
.............##†..#..##†## #.#§
.#.#.........####.##.#..# #§§.
......[......##)..#..†.## #§§.
#...#........##^@^#....# #...
......#......##......### ###§
..>.....#....####....# ##
......#......##...^..# #
#...#........#.^.....# ##
......[......#.^....#P# #.
.#.#.........##..#.#### ####.
.............###!..# #....
..#...........##.P## #....


Turn 3589 on D:5: Singing sword :/ felid :'(

Levels and vault maps discovered:
D:1:      shiori_arrival_oz, layout_basic
D:2:      layout_basic, minivault_24, lemuel_tele_altar, uniq_natasha
D:3:      layout_basic, chequers_ecumenical_altar_grove
D:4:      layout_basic, guppyfry_shop_venom, uniq_crazy_yiuf_cottage, uniq_pikel
D:5:      old_forge, layout_basic, minmay_temple_entry_sparse_star,
          nicolae_dithmenos_the_darkroom, uniq_menkaure, uniq_prince_ribbit1
D:6:      layout_gridville
D:7:      layout_rooms
D:8:      layout_basic, nzn_random_ring, uniq_harold, uniq_joseph
D:9:      layout_roguey, tgw_trog, david_orc_5, minmay_misc_feat_tiny,
          minmay_shattered_shrine
D:10:     layout_loops_ring, uniq_sonja
D:11:     layout_loops_cross, dpeg_oklobed_lair,
          gammafunk_ghost_wrathful_warriors, uniq_snorg
D:12:     layout_long_grid, gauntlet_entry_generic, serial_shops, shop
Lair:1:   layout_loops_ring
Lair:2:   statuecave_lemuel, layout_loops_ring, minmay_shoals_entry_hut,
          gammafunk_ghost_arena, serial_rivers, chequers_serial_rivers_large_b,
          chequers_serial_rivers_room_b, chequers_serial_rivers_small_a,
          chequers_serial_rivers_room_b, chequers_serial_rivers_micro_e
Lair:3:   layout_layer_cave, spider_nest_entry_funnel_web, uniq_gastronok
Orc:1:    layout_caves, serial_shops, nicolae_shop_stone, uniq_josephine
Orc:2:    grunt_orc_cross, layout_diamond_mine, abandoned_shop

Skill      XL: |  1  2  3  4  5  6  7  8  9 10 11 12 |
---------------+-------------------------------------+-----
Unarmed Combat | 4 5 7 8 9 11 13 15 | 15.9
Stealth        | 6 3 8 10 11 13 | 13.1
Dodging        | 5 8 11 12 | 12.7
Evocations     | 3 6 7 9 |  9.8
Fighting       | |  3.0

Action                   |  1- 3 |  4- 6 |  7- 9 | 10-12 || total
-------------------------+-------+-------+-------+-------++-------
Melee: Unarmed           |    56 |   152 |   205 |   785 ||  1198
       Bite              |     4 |    19 |    22 |   106 ||   151
       Punch             |     1 |     3 |     7 |    63 ||    74
Invok: Berserk           |     3 |     5 |    16 |    31 ||    55
       Trog's Hand       |       |       |     5 |     7 ||    12
       Brothers in Arms  |       |       |     1 |     7 ||     8
Evoke: Wand              |       |       |     8 |    55 ||    63
       Tin of tremorston |       |       |       |     3 ||     3
  Use: Potion            |       |     1 |     2 |     2 ||     5
       Scroll            |       |       |     2 |    10 ||    12
 Stab: Sleeping          |     4 |     6 |    21 |    53 ||    84
       Distracted        |       |     1 |     2 |     3 ||     6
       Paralysed         |       |       |       |     4 ||     4
Armor: Skin              |     2 |     2 |     3 |    14 ||    21
Dodge: Dodged            |    32 |   113 |   125 |   579 ||   849

Table legend: (Time is in decaauts)
 A = Elapsed time spent in this place.
 B = Non-inter-level travel time spent in this place.
 C = Inter-level travel time spent in this place.
 D = Time resting spent in this place.
 E = Time spent auto-exploring this place.
 F = Levels seen in this place.
 G = Mean time per level.
                   A        B        C        D        E       F      G
               +--------+--------+--------+--------+--------+-----+--------+
         Total |  11972 |  11527 |    445 |   1339 |   6094 |  18 |  665.1 |
       Dungeon |   8265 |   7967 |    298 |    739 |   4266 |  12 |  688.8 |
          Lair |   1499 |   1424 |     75 |     38 |   1162 |   3 |  499.7 |
  Orcish Mines |   1903 |   1831 |     72 |    519 |    557 |   2 |  951.5 |
      Gauntlet |    304 |    304 |      0 |     42 |    108 |   1 |  304.0 |
               +--------+--------+--------+--------+--------+-----+--------+

Top non-repeatable levels by time:
   Orc:2: 1598 daAuts
    D:11: 946 daAuts
     D:9: 868 daAuts
     D:8: 821 daAuts
  Lair:2: 720 daAuts
     D:1: 678 daAuts
     D:3: 672 daAuts
    D:10: 670 daAuts
     D:5: 665 daAuts
     D:6: 635 daAuts
     D:7: 611 daAuts
     D:4: 590 daAuts
  Lair:1: 589 daAuts
    D:12: 557 daAuts
     D:2: 546 daAuts

Table legend:
 A = Kills in this place as a percentage of kills in entire the game.
 B = Kills by you in this place as a percentage of kills by you in the entire game.
 C = Kills by friends in this place as a percentage of kills by friends in the entire game.
 D = Other kills in this place as a percentage of other kills in the entire game.
 E = Experience gained in this place as a percentage of experience gained in the entire game.
 F = Experience gained in this place divided by the number of levels of this place that you have seen.
                   A       B       C       D       E      F
               +-------+-------+-------+-------+-------+----------------------
         Total | 100.0 | 100.0 | 100.0 |   N/A | 100.0 | 2637.2
       Dungeon |  74.6 |  73.9 |  94.4 |   N/A |  52.8 | 2087.2
          Lair |   6.3 |   6.6 |   0.0 |   N/A |  15.2 | 2410.3
  Orcish Mines |  17.0 |  17.6 |   0.0 |   N/A |  28.0 | 6649.0
      Gauntlet |   2.0 |   1.9 |   5.6 |   N/A |   4.0 | 1895.0
               +-------+-------+-------+-------+-------+----------------------
